 Dungeon Crawl Stone Soup version 0.30.0-19-g36f170ea60 (webtiles) character file.

Game seed: 8855092427898404936

648779 Peloso the Minotaur Barricade (level 27, -21/273 HPs)
             Began as a Minotaur Fighter on May 28, 2023.
             Was the Champion of Okawaru.
             Demolished by a titanic slime creature (45 damage)
             ... on level 5 of the Pits of Slime on May 29, 2023.
             The game lasted 04:56:20 (77179 turns).

Peloso the Minotaur Barricade (Minotaur Fighter)   Turns: 77179, Time: 04:56:21

Health: -21/273    AC: 46    Str: 39    XL:     27
Magic:  1/26       EV: 14    Int:  5    God:    Okawaru [******]
Gold:   7757       SH: 20    Dex: 12    Spells: 26/26 levels left

rFire   + + +        b - +9 double sword (spect)
rCold   + + +        t - +3 kite shield {reflect}
rNeg    + + .        o - +12 plate armour of the Jackalope {rC+++ Str+2 Dex-2 Stlth+}
rPois   +            I - +2 hat
rElec   .            w - +2 cloak {Will+}
rCorr   +            k - +2 pair of gloves of Doru {rF++ Slay+3}
SInv    .            e - +3 pair of mountain boots {steadfast, rC+}
Will    +++++        K - amulet "Fearph" {rN+ Will+ Regen+}
Stlth   ++           R - ring "Xayris" {Fly rPois Str+6}
HPRegen 1.45/turn    Y - ring of the Durable God {rF+ rN+ Will+ rCorr}
MPRegen 0.20/turn

%: reflection, clarity
@: flying, studying Unarmed Combat, unable to drink
A: horns 2, retaliatory headbutt, iridescent scales 1, clarity, cold resistance
1, deformed body, screaming 2, wild magic 1, inability to drink after injury 2
}: 4/15 runes: decaying, serpentine, slimy, silver
a: Renounce Religion, Heroism, Finesse, Duel


You were on level 5 of the Pits of Slime.
You worshipped Okawaru.
Okawaru was exalted by your worship.
You visited 13 branches of the dungeon, and saw 53 of its levels.
You visited the Abyss 2 times.
You also visited: Sewer, Bailey, Ice Cave, Volcano and Desolation.

You collected 11270 gold pieces.
You spent 3513 gold pieces at shops.

Inventory:

Hand Weapons
 a - the +10 long sword "Plog" {speed, rN+}
   (Okawaru gifted it to you on level 1 of the Depths)

   rN:        It protects you from negative energy.
 b - a +9 spectral double sword (weapon)
 c - the +9 falchion of Gin and Tonic {flame, Will+}
   (You took it off a tengu warrior on level 2 of the Depths)

   Will:      It increases your willpower.
Armour
 d - the +3 buckler "Emonawk" {+Inv Dex+6}
   (Okawaru gifted it to you on level 2 of the Elven Halls)

   Dex:       It affects your dexterity (+6).
   +Inv:      It lets you turn invisible.
 e - the +3 pair of mountain boots (worn) {steadfast, rC+}
   (You found it on level 3 of the Crypt)

   Steadfast: It prevents involuntary movement, except for blinking,
   teleportation, or banishment.
   rC:        It protects you from cold.
 k - the +2 pair of gloves of Doru (worn) {rF++ Slay+3}
   (You found it on level 1 of the Swamp)

   Slay:      It affects your accuracy & damage with ranged weapons and melee
   (+3).
   rF:        It greatly protects you from fire.
 o - the +12 plate armour of the Jackalope (worn) {rC+++ Str+2 Dex-2 Stlth+}
   (You found it on level 4 of the Vaults)

   Str:       It affects your strength (+2).
   Dex:       It affects your dexterity (-2).
   rC:        It renders you almost immune to cold.
   Stlth:     It makes you more stealthy.
 t - a +3 kite shield of reflection (worn)
 w - a +2 cloak of willpower (worn)
 I - a +2 hat (worn)
Jewellery
 f - an amulet of magic regeneration
 r - a ring of see invisible
 y - an amulet of faith
 D - the dreamshard necklace {*Dream Drain}
   (You found it on level 3 of the Elven Halls)

   [amulet of nothing]

   *Dream:    It shatters if its wearer takes lethal or near-lethal damage,
   preventing the blow and releasing protective dreams that heal and fight for
   the wearer.
   Drain:     It drains your maximum health when unequipped.
 F - the ring of Psychosis {MP+9 SInv}
   (You found it on level 1 of the Elven Halls)

   [ring of magical power]

   MP:        It affects your magic capacity (+9).
   SInv:      It lets you see invisible.
 K - the amulet "Fearph" (around neck) {rN+ Will+ Regen+}
   (You took it off a deep elf demonologist on level 5 of the Vaults)

   [amulet of regeneration]

   rN:        It protects you from negative energy.
   Regen:     It increases your rate of health regeneration.
   Will:      It increases your willpower.
 R - the ring "Xayris" (left hand) {Fly rPois Str+6}
   (You bought it in a shop on level 2 of the Orcish Mines)

   [ring of strength]

   Str:       It affects your strength (+6).
   rPois:     It protects you from poison.
   Fly:       It grants you flight.
 Y - the ring of the Durable God (right hand) {rF+ rN+ Will+ rCorr}
   (You bought it in a shop on level 2 of the Orcish Mines)

   [ring of protection from fire]

   rF:        It protects you from fire.
   rN:        It protects you from negative energy.
   rCorr:     It protects you from acid and corrosion.
   Will:      It increases your willpower.
Wands
 u - a wand of iceblast (5)
 v - a wand of digging (7)
 A - a wand of flame (33)
 C - a wand of polymorph (8)
Scrolls
 g - a scroll of enchant weapon
 h - 8 scrolls of blinking
 j - 33 scrolls of teleportation
 p - 9 scrolls of fear
 q - a scroll of fog
 s - a scroll of silence
 B - a scroll of poison
 E - a scroll of enchant armour
 H - 8 scrolls of magic mapping
 S - 11 scrolls of immolation
Potions
 i - 24 potions of curing
 l - 4 potions of heal wounds
 m - 3 potions of haste
 n - 8 potions of berserk rage
 x - 9 potions of might
 z - 13 potions of flight
 J - 5 potions of resistance
 O - 4 potions of mutation
 X - 5 potions of invisibility


   Skills:
 O Level 27 Fighting
 O Level 27 Long Blades
 O Level 27 Armour
 + Level 11.9 Dodging
 + Level 12.5 Stealth
 O Level 27 Shields
 + Level 7.1 Unarmed Combat
 + Level 6.4 Invocations
 + Level 2.7 Evocations


You had 26 spell levels left.
You didn't know any spells.
Your spell library contained the following spells:

 Spells                   Type           Power      Damage    Failure   Level
 Apportation              Tloc           0%         N/A       82%         1
 Foxfire                  Conj/Fire      0%         2x1d4     82%         1
 Kiss of Death            Conj/Necr      0%         2d5       82%         1
 Magic Dart               Conj           0%         1d3       82%         1
 Necrotise                Necr           0%         1d4       82%         1
 Shock                    Conj/Air       0%         1d3       82%         1
 Slow                     Hex            0%         N/A       82%         1
 Ensorcelled Hibernation  Hex/Ice        0%         N/A       91%         2
 Lesser Beckoning         Tloc           0%         N/A       91%         2
 Passwall                 Tmut/Erth      0%         N/A       91%         2
 Poisonous Vapours        Pois/Air       0%         N/A       91%         2
 Scorch                   Fire           0%         2d5       91%         2
 Searing Ray              Conj           0%         2d4       91%         2
 Sublimation of Blood     Necr           0%         N/A       91%         2
 Wereblood                Tmut           0%         N/A       91%         2
 Confusing Touch          Hex            0%         N/A       99%         3
 Gell's Gravitas          Tloc           0%         N/A       99%         3
 Ignite Poison            Fire/Tmut/Pois 0%         N/A       99%         3
 Inner Flame              Hex/Fire       0%         N/A       99%         3
 Mephitic Cloud           Conj/Pois/Air  0%         N/A       99%         3
 Ozocubu's Armour         Ice            0%         N/A       99%         3
 Portal Projectile        Hex/Tloc       0%         N/A       99%         3
 Spider Form              Tmut/Pois      0%         N/A       99%         3
 Swiftness                Air            0%         N/A       99%         3
 Teleport Other           Tloc           0%         N/A       99%         3
 Vampiric Draining        Necr           0%         2d6       99%         3
 Vhi's Electric Charge    Tloc/Air       0%         N/A       99%         3
 Volatile Blastmotes      Fire/Tloc      0%         2d10      99%         3
 Airstrike                Air            0%         2d(0-16)  100%        4
 Cause Fear               Hex            0%         N/A       100%        4
 Dispel Undead            Necr           0%         3d6       100%        4
 Flame Wave               Conj/Fire      0%         2d4       100%        4
 Fulminant Prism          Conj/Hex       0%         3d5       100%        4
 Leda's Liquefaction      Hex/Erth       0%         N/A       100%        4
 Manifold Assault         Tloc           0%         N/A       100%        4
 Olgreb's Toxic Radiance  Pois           0%         N/A       100%        4
 Passage of Golubria      Tloc           0%         N/A       100%        4
 Petrify                  Tmut/Erth      0%         N/A       100%        4
 Sticky Flame             Conj/Fire      0%         2d3       100%        4
 Agony                    Necr           0%         N/A       100%        5
 Alistair's Intoxication  Tmut/Pois      0%         N/A       100%        5
 Arcjolt                  Conj/Air       0%         1d10      100%        5
 Blade Hands              Tmut           0%         N/A       100%        5
 Fireball                 Conj/Fire      0%         3d3       100%        5
 Freezing Cloud           Conj/Ice/Air   0%         6-21      100%        5
 Irradiate                Conj/Tmut      0%         3d11      100%        5
 Iskenderun's Battlesphe  Conj           0%         2d6       100%        5
 Lee's Rapid Deconstruct  Erth           0%         3d4*      100%        5
 Metabolic Englaciation   Hex/Ice        0%         N/A       100%        5
 Silence                  Hex/Air        0%         N/A       100%        5
 Yara's Violent Unravell  Hex/Tmut       0%         3d3       100%        5
 Conjure Ball Lightning   Conj/Air       0%         3x3d6     100%        6
 Plasma Beam              Fire/Air       0%         2x1d11    100%        6
 Statue Form              Tmut/Erth      0%         N/A       100%        6
 Dragon Form              Tmut           0%         N/A       100%        7
 Enfeeble                 Hex            0%         N/A       100%        7
 Orb of Destruction       Conj           0%         9d5       100%        7
 Ozocubu's Refrigeration  Ice            0%         4d7       100%        7
 Ignition                 Fire           0%         3d3       100%        8
 Lehudib's Crystal Spear  Conj/Erth      0%         10d2      100%        8
 Maxwell's Capacitive Co  Air            0%         ∞         100%        8
 Necromutation            Tmut/Necr      0%         N/A       100%        8
 Polar Vortex             Ice            0%         N/A       100%        9
 Summon Small Mammal      Summ           Unusable   N/A       N/A         1
 Call Imp                 Summ           Unusable   N/A       N/A         2
 Call Canine Familiar     Summ           Unusable   N/A       N/A         3
 Summon Guardian Golem    Hex/Summ       Unusable   N/A       N/A         3
 Tukima's Dance           Hex            Unusable   N/A       N/A         3
 Animate Dead             Necr           Unusable   N/A       N/A         4
 Summon Mana Viper        Hex/Summ       Unusable   N/A       N/A         5
 Simulacrum               Ice/Necr       Unusable   N/A       N/A         6
 Summon Cactus Giant      Summ           Unusable   N/A       N/A         6
 Malign Gateway           Summ/Tloc      Unusable   N/A       N/A         7
 Summon Hydra             Summ           Unusable   N/A       N/A         7
 Infestation              Necr           Unusable   N/A       N/A         8
 Summon Horrible Things   Summ           Unusable   N/A       N/A         8
 Dragon's Call            Summ           Unusable   N/A       N/A         9

Dungeon Overview and Level Annotations

Branches:
Dungeon (15/15)            Temple (1/1) D:5            Lair (5/5) D:8
  Swamp (4/4) Lair:2        Snake (4/4) Lair:3        Slime (5/5) Lair:5
    Orc (2/2) D:9             Elf (3/3) Orc:2        Vaults (5/5) D:13
  Crypt (3/3) Vaults:2       Tomb (0/3) Crypt:3      Depths (4/4) D:15
   Hell (visited)             Dis (0/7) Hell            Geh (0/7) Hell
    Coc (0/7) Hell            Tar (0/7) Hell            Zot (1/5) Depths:4
  Sewer (visited)          Bailey (visited)           IceCv (visited)
Volcano (visited)         Desolation (visited)

Altars:
Ashenzari
Cheibriados
Dithmenos
Elyvilon
Fedhas
Gozag
Hepliaklqana
Kikubaaqudgha
Makhleb
Nemelex Xobeh
Okawaru
Qazlal
Ru
Sif Muna
Trog
Uskayaw
Vehumet
Wu Jian
Xom
Yredelemnul
Zin
The Shining One
Jiyva
Lugonu

Shops:
D:3 *   D:5 (   D:6 :*[   D:10 (   D:13 [?   Orc:2 ([==*   Elf:1 :   Elf:2 !![:
Elf:3 :   Snake:1 =::   Snake:2 [:(   Snake:4 :   Vaults:2 [   Vaults:4 [

Portals:
Hell: Depths:1 Depths:2 Depths:3 Depths:4
Abyss: Depths:1 Depths:3
Pandemonium: Depths:2 Depths:3 Depths:4
Ziggurat: Depths:4

Annotations:
Lair:4 Casa


Innate Abilities, Weirdness & Mutations

You have a pair of horns on your head.
You reflexively headbutt those who attack you in melee.
You are partially covered in iridescent scales. (AC +2)
You possess an exceptional clarity of mind.
Your flesh is cold resistant. (rC+)
Armour fits poorly on your strangely shaped body.
You frequently scream uncontrollably at your foes.
Your spells are a little harder to cast, but a little more powerful.
You sometimes lose the ability to drink potions when taking damage.


Message History

You block the quicksilver ooze's attack.
The quicksilver ooze hits you.
You feel your power leaking away.
Unknown command.
You slice the titanic slime creature!!
The titanic slime creature is almost dead.
Your lungs strain for air!
The quicksilver ooze hits you.
The quicksilver ooze hits you but does no damage.
Two slime creatures merge to form a very large slime creature.
You block the titanic slime creature's attack.
The titanic slime creature hits you!!!!
* * * LOW HITPOINT WARNING * * *
Unknown command.
You cannot read scrolls while unable to breathe!
Unknown command.
You cannot read scrolls while unable to breathe!
Unknown command.
You cannot drink potions in your current state!
Unknown command.
You cannot drink potions in your current state!
Unknown command.
You cannot read scrolls while unable to breathe!
Unknown command.
The titanic slime creature attacks as you move away!
You block the titanic slime creature's attack.
You slip free of the ooze engulfing you.
You gasp with relief as air once again reaches your lungs.
The titanic slime creature attacks as you move away!
You block the titanic slime creature's attack.
A very large slime creature splits.
You cannot drink potions in your current state!
Unknown command.
The quicksilver ooze attacks as you move away!
You block the quicksilver ooze's attack. x2
The quicksilver ooze barely misses you.
You block the quicksilver ooze's attack.
The titanic slime creature attacks as you move away!
The titanic slime creature hits you!!!
You die...

##..##[|.###...........
)....?[..!##............
......)[.[# ............
)....)..:## #...........
........#####...........
...........##...........
.........#....JJJ.......
........####...JJ.......
|......!(####.JJ@.......
.......:..# #...........
:.......|.###...........
##..##[[|###............
.#.##.).###.............
##..##.###..............
###.#####...............
..#.#.##................
......................


You could see 2 titanic slime creatures, a large slime creature, 3 slime
creatures and a quicksilver ooze.

Vanquished Creatures
  the Royal Jelly (Slime:5)
  2 dread liches
  6 ancient liches
  The ghost of stpyramids the Champion of Chaos, a legendary DDFi of Makhleb (Zot:1)
  A juggernaut (Zot:1)
  The ghost of Houmnergh the Rich, a master GnTm of Gozag (Crypt:1)
  Bai Suzhen (Swamp:3)
  2 Killer Klowns (Zot:1)
  2 caustic shrikes
  2 curse toes
  Geryon (Hell)
  2 golden dragons (Depths:3)
  3 doom hounds (Hell)
  the Enchantress (Depths:2)
  2 bone dragons
  Jorgrun (Orc:1)
  3 liches
  Zenata (Vaults:1)
  Rupert (D:13)
  4 tentacled monstrosities
  2 walking earthen tomes
  8 titans
  Asterion (Snake:1)
  4 deep elf master archers (Elf:3)
  4 deep elf blademasters
  10 ancient champions
  13 acid blobs
  A quicksilver dragon (Depths:4)
  3 death cobs (Zot:1)
  A walking divine tome (Depths:3)
  An Executioner (Abyss:3)
  2 walking frostbound tomes
  Kirke (D:14)
  7 sphinxes
  A tentacled starspawn (Abyss:3)
  6 tengu reavers
  9 shadow dragons
  5 revenants
  Donald (Swamp:4)
  3 azure jellies
  5 storm dragons
  2 draconian monks (Zot:1)
  7 fire giants
  12 rockslimes
  A fenstrider witch (Swamp:2)
  A draconian knight (Depths:4)
  12 frost giants
  19 vault wardens
  3 draconian scorchers
  5 deep elf sorcerers
  3 iron dragons
  A shard shrike simulacrum (Hell)
  3 balrugs
  2 draconian stormcallers
  2 deep elf elementalists
  4 curse skulls (Crypt:2)
  23 ironbound preservers
  4 imperial myrmidons (Desolation)
  11 ghouls
  28 very ugly things
  4 orc warlords
  A war gargoyle (Vaults:4)
  8 reapers
  6 spriggan defenders
  22 stone giants
  7 quicksilver oozes
  A juggernaut skeleton (Crypt:1)
  3 ironbound thunderhulks
  A draconian annihilator (Zot:1)
  6 eleionomae
  8 deep elf annihilators
  13 dire elephants
  8 vampire knights
  A halazid warlock (Desolation)
  5 bunyips
  3 deep elf demonologists
  A bunyip (shapeshifter) (Vaults:4)
  3 yellow draconians
  2 spark wasps (Depths:3)
  3 green draconians
  5 eidola
  3 white draconians
  4 red draconians
  Snorg (Lair:5)
  4 blizzard demons
  A merfolk javelineer (Crypt:1)
  3 spectral golden dragons (Zot:1)
  9 deep elf death magi
  A shambling mangrove (Swamp:4)
  3 crystal guardians
  9 fire dragons
  9 jiangshi
  14 ettins
  18 yaktaur captains
  A green death (Hell)
  Josephine (D:15)
  2 entropy weavers
  4 deep elf high priests
  Fannar (D:9)
  11 ironbound frosthearts
  An Orb Guardian zombie (Crypt:3)
  5 great orbs of eyes
  A caustic shrike simulacrum (IceCv)
  7 ragged hierophants (Desolation)
  8 servants of whispers (Desolation)
  11 ice dragons
  29 hydras
  8 peacekeepers
  30 vault guards
  A spectral shadow dragon (Zot:1)
  6 rakshasas
  7 spriggan air magi
  15 centaur warriors
  10 anacondas
  2 death knights
  8 deep troll shamans
  5 salamander tyrants
  3 ogre magi
  5 boulder beetles
  4 alligators
  11 two-headed ogres
  32 dancing weapons
  14 naga warriors
  10 vampire magi
  The ghost of asdu the Fighter, a novice OgGl of Okawaru (D:7)
  A death scarab (Depths:2)
  12 tengu warriors
  12 naga sharpshooters
  A death yak (Lair:4)
  13 spriggan berserkers
  11 hell knights
  9 shock serpents
  6 thrashing horrors (Abyss:3)
  A titan zombie (Crypt:1)
  9 deep troll earth magi
  A spectral storm dragon (Zot:1)
  25 spriggans
  14 deep elf knights
  7 soul eaters
  3 titan skeletons
  8 salamander mystics
  30 skeletal warriors
  2 skysharks
  A wretched star (Abyss:3)
  6 sun demons
  2 skysharks (shapeshifter) (Vaults:4)
  A spectral ghost moth (Zot:1)
  4 flayed ghosts
  4 goliath frogs
  8 iron trolls
  4 sea snakes (Snake:2)
  A spectral red draconian (Zot:1)
  2 glowing orange brains
  A glowing orange brain (shapeshifter) (Vaults:5)
  An anaconda skeleton (Crypt:1)
  3 spriggan druids
  21 ironbound convokers
  11 swamp dragons
  6 bog bodies
  74 deep trolls
  A death drake (shapeshifter) (D:15)
  6 deep elf archers
  A golden dragon skeleton (Crypt:2)
  4 naga ritualists
  16 lindwurms
  An orange crystal statue (IceCv)
  21 deep elf pyromancers
  15 deep elf zephyrmancers
  9 phantasmal warriors
  A harpy (shapeshifter) (Vaults:5)
  A bunyip skeleton (Crypt:3)
  4 wizards
  5 large abominations
  19 mana vipers
  11 necromancers
  5 orc knights
  A lindwurm (shapeshifter) (Vaults:4)
  2 orc sorcerers
  4 cyclopes
  5 will-o-the-wisps
  2 moths of wrath (shapeshifter)
  3 shining eyes
  A frost giant zombie (Vaults:4)
  2 manticores (D:13)
  41 salamanders
  42 ugly things
  2 sphinx zombies
  16 naga magi
  12 elephants
  9 guardian serpents
  33 black mambas
  4 rust devils
  An eye of devastation (Slime:1)
  A fire giant skeleton (Depths:2)
  A black mamba (shapeshifter) (Abyss:3)
  A water nymph (shapeshifter) (Vaults:2)
  A dire elephant zombie (Crypt:2)
  An iron dragon skeleton (Depths:2)
  2 gargoyles
  7 molten gargoyles
  An apocalypse crab (Abyss:3)
  13 vault sentinels
  6 moths of wrath
  A demonic crawler (Hell)
  Maggie (D:6)
  8 torpor snails
  A yellow draconian zombie (Crypt:3)
  A black draconian zombie (Crypt:2)
  15 cane toads
  8 smoke demons
  An unseen horror (D:12)
  9 rime drakes
  6 freezing wraiths
  Psyche (D:11)
  6 kobold demonologists
  A yaktaur zombie (Vaults:4)
  40 yaktaurs
  A tormentor (Abyss:3)
  3 ice devils (Hell)
  2 efreet (Abyss:3)
  8 komodo dragons
  A golden dragon simulacrum (Zot:1)
  9 tengu conjurers
  A yaktaur (shapeshifter) (Vaults:4)
  2 ancient zymes (Abyss:3)
  3 trolls
  6 meliai
  A death drake zombie (Crypt:3)
  A hellwing (Depths:4)
  16 tyrant leeches
  A bloated husk (Swamp:1)
  An iron troll skeleton (Crypt:1)
  32 hornets
  A sphinx simulacrum (Vaults:4)
  62 saltlings (Desolation)
  3 polar bears
  2 harpy skeletons (Crypt:2)
  5 raiju (Abyss:3)
  2 ettin zombies (Crypt:1)
  3 blink frogs (Lair:1)
  Grinder (D:4)
  A raiju (shapeshifter) (Vaults:4)
  An ice dragon zombie (Crypt:1)
  A moth of wrath zombie (Crypt:1)
  A guardian serpent zombie (Crypt:3)
  A fire giant simulacrum (Vaults:4)
  79 slime creatures
  A dream sheep (shapeshifter) (Depths:2)
  10 flying skulls
  17 dream sheep
  An air elemental (Elf:3)
  A culicivora (Vaults:3)
  14 wraiths
  5 vampires
  An ice dragon skeleton (Crypt:1)
  An ettin skeleton (Crypt:3)
  11 water elementals
  4 shadows
  2 fire bats (Volcano)
  7 wyverns
  2 dire elephant simulacra
  4 ynoxinuls (Abyss:3)
  A neqoxec (Abyss:3)
  20 yaks
  4 humans (D:14)
  7 basilisks
  6 fire elementals
  A hog (D:14)
  A purple draconian simulacrum (Zot:1)
  A golden eye (Slime:5)
  3 redbacks
  A redback simulacrum (D:14)
  A chaos spawn (Abyss:3)
  16 steam dragons
  38 nagas
  A warg (Orc:2)
  20 vampire mosquitoes
  17 swamp worms
  A glowing shapeshifter zombie (Crypt:1)
  2 harpy simulacra (IceCv)
  8 water moccasins
  2 glowing shapeshifter skeletons
  An ogre skeleton (Vaults:4)
  A hydra simulacrum (IceCv)
  A faun skeleton (Crypt:3)
  A floating eye (Depths:2)
  34 orc warriors
  3 black bears
  10 swamp drakes
  4 small abominations (Abyss:3)
  3 sky beasts
  A dream sheep zombie (Crypt:2)
  An alligator simulacrum (IceCv)
  An ettin simulacrum (Crypt:1)
  6 ice beasts
  A black mamba simulacrum (Abyss:3)
  A manticore zombie (Crypt:2)
  4 boggarts (Vaults:3)
  6 ogres
  11 starcursed masses (Abyss:3)
  18 centaurs
  4 wolves
  A phantom (D:7)
  A lindwurm skeleton (Crypt:1)
  11 bullfrogs
  6 kobold brigands
  2 necrophages (Crypt:2)
  A komodo dragon skeleton (Crypt:3)
  4 earth elementals
  2 human skeletons (Vaults:2)
  4 scorpions
  4 wights
  A warg zombie (Crypt:1)
  11 killer bees
  A queen bee zombie (Crypt:2)
  2 lindwurm simulacra (IceCv)
  8 electric eels
  2 howler monkeys
  A wolf zombie (Crypt:3)
  9 lava snakes
  2 quasits (Abyss:3)
  5 jellies
  A centaur zombie (Crypt:1)
  2 gnoll boudas
  9 hounds
  12 orc priests
  An iron imp (Abyss:3)
  A bullfrog skeleton (Crypt:1)
  Ijyb (D:5)
  4 iguanas
  12 orc wizards
  12 hell rats
  A deep dwarf zombie (Crypt:1)
  A boggart simulacrum (D:15)
  Robin (D:5)
  14 gnolls
  6 river rats
  15 adders
  4 white imps
  6 ufetubi
  4 worms
  4 dart slugs
  88 orcs
  8 endoplasms
  4 giant cockroaches
  15 goblins
  15 hobgoblins
  10 jackals
  37 kobolds
  7 quokkas
  2 training dummies (D:6)
  11 ball pythons
  18 bats
  7 frilled lizards
  A gnoll skeleton (Crypt:2)
  7 rats
  A lurking horror (Abyss:3)
  4 spectral weapons (Snake:1)
2480 creatures vanquished.

Vanquished Creatures (others)
  A quicksilver dragon (Vaults:5)
  A very ugly thing (Depths:1)
  A vampire knight (Depths:3)
  An ettin (Vaults:5)
  An ogre mage (D:13)
  A vault sentinel (Vaults:5)
  A spectral moth of wrath (Zot:1)
  3 bloated husks
  A hornet (Swamp:4)
  2 saltlings (Desolation)
  A sky beast (D:11)
  3 orcs
  39 foxfires
  59 spectral weapons
  2 starspawn tentacles (Abyss:3)
117 creatures vanquished.

Grand Total: 2597 creatures vanquished

Notes
Turn   | Place    | Note
-------+----------+-------------------------------------------
     0 | D:1      | Peloso the Minotaur Fighter began the quest for the Orb.
     0 | D:1      | Reached XP level 1. HP: 19/19 MP: 0/0
   177 | D:1      | Reached XP level 2. HP: 26/27 MP: 1/1
   266 | D:1      | You fall into a shaft and drop 1 floor!
   417 | D:2      | Reached XP level 3. HP: 27/33 MP: 2/2
   502 | D:2      | Found a faded altar of an unknown god.
  1091 | D:2      | Reached XP level 4. HP: 21/40 MP: 3/3
  2117 | D:3      | Reached XP level 5. HP: 39/47 MP: 4/4
  2195 | D:3      | Found a sparkling altar of Nemelex Xobeh.
  2344 | D:3      | Reached skill level 5 in Armour
  2374 | D:3      | Found Kotroumn's Assorted Antiques.
  2725 | D:3      | Reached skill level 5 in Long Blades
  2937 | D:3      | Found a hazy altar of Hepliaklqana.
  3298 | D:3      | Bought a clouded ivory amulet for 135 gold pieces
  3298 | D:3      | Identified the amulet "Rebrunwa" {Faith rPois Will+ Str-5}
                  | (You bought it in a shop on level 3 of the Dungeon)
  3330 | D:4      | Reached XP level 6. HP: 42/53 MP: 5/5
  3375 | D:4      | Noticed Grinder
  3381 | D:4      | Killed Grinder
  3382 | D:4      | Reached skill level 1 in Dodging
  3479 | D:4      | Found a bloodstained altar of Trog.
  3807 | D:4      | Found an iron altar of Okawaru.
  3904 | D:4      | Became a worshipper of Warmaster Okawaru
  3912 | D:4      | Found a glowing silver altar of Zin.
  4057 | D:5      | Entered Level 5 of the Dungeon
  4057 | D:5      | Noticed Robin
  4085 | D:5      | Killed Robin
  4086 | D:5      | Reached XP level 7. HP: 49/60 MP: 6/6
  4099 | D:5      | Found Pucwuuno's Weapon Shoppe.
  4223 | D:5      | Found a glowing drain.
  4227 | Sewer    | Entered a sewer
  4697 | Sewer    | Reached skill level 5 in Shields
  5335 | D:5      | Reached skill level 5 in Fighting
  5360 | D:5      | Found a staircase to the Ecumenical Temple.
  5374 | Temple   | Entered the Ecumenical Temple
  5592 | D:5      | Noticed Ijyb
  5656 | D:5      | Killed Ijyb
  5842 | D:5      | Found a hide-covered altar of Uskayaw.
  5903 | D:5      | Found a blossoming altar of Fedhas.
  6043 | D:3      | Bought a scroll labelled YMEOLL AXOSCH for 27 gold pieces
  6043 | D:3      | Bought a lumpy cyan potion for 24 gold pieces
  6043 | D:3      | Bought a scroll labelled ENKANI YHIF for 27 gold pieces
  6133 | D:6      | Noticed Maggie
  6133 | D:6      | Found Mas Nal's Armour Boutique.
  6133 | D:6      | Found Qoelaw's General Store.
  6133 | D:6      | Found Buregry's Book Boutique.
  6137 | D:6      | Reached XP level 8. HP: 57/68 MP: 5/7
  6233 | D:6      | Reached * piety under Okawaru
  6327 | D:6      | Found a white marble altar of Elyvilon.
  6574 | D:6      | Reached ** piety under Okawaru
  6726 | D:6      | Killed Maggie
  6731 | D:6      | Reached XP level 9. HP: 65/75 MP: 5/8
  7108 | D:7      | Reached *** piety under Okawaru
  7431 | D:7      | Found an ancient bone altar of Kikubaaqudgha.
  7525 | D:7      | Noticed a moth of wrath
  7536 | D:7      | Found a shadowy altar of Dithmenos.
  7544 | D:7      | Reached skill level 10 in Long Blades
  7569 | D:7      | Found a transporter.
  7576 | D:7      | Noticed asdu's ghost (novice OgGl)
  7593 | D:7      | Found a transporter.
  7961 | D:8      | Reached skill level 1 in Stealth
  7986 | D:8      | Found a staircase to the Lair.
  7986 | D:8      | Noticed a troll
  8019 | D:8      | Killed a troll
  8039 | D:8      | Reached skill level 1 in Evocations
  8042 | D:8      | Reached **** piety under Okawaru
  8127 | D:8      | Found a flagged portal.
  8143 | Bailey   | Entered a bailey
  8157 | Bailey   | Noticed an orc warlord
  8197 | Bailey   | Reached XP level 10. HP: 86/86 MP: 9/9
  8234 | Bailey   | Found a runed translucent gate.
  8234 | Bailey   | Found a runed translucent gate.
  8252 | Bailey   | Found a runed translucent gate.
  8402 | Bailey   | Killed an orc warlord
  8900 | D:9      | Found an opulent altar of Gozag.
  8981 | D:9      | Found a staircase to the Orcish Mines.
  9200 | D:9      | Reached ***** piety under Okawaru
  9802 | D:10     | Entered Level 10 of the Dungeon
  9805 | D:10     | Found Rausmyge's Antique Weapon Emporium.
 10478 | D:11     | Noticed a skeletal warrior
 10478 | D:11     | Noticed a skeletal warrior
 10478 | D:11     | Noticed a skeletal warrior
 10478 | D:11     | Noticed a skeletal warrior
 10505 | D:10     | Killed a skeletal warrior
 10506 | D:10     | Reached skill level 10 in Armour
 10506 | D:10     | Reached XP level 11. HP: 25/95 MP: 8/10
 10660 | D:10     | Killed a skeletal warrior
 10736 | Lair:1   | Entered Level 1 of the Lair of Beasts
 11381 | Lair:1   | Reached ****** piety under Okawaru
 11779 | Lair:2   | Noticed a boulder beetle
 11790 | Lair:1   | Received a gift from Okawaru
 11791 | Lair:1   | Reached skill level 1 in Invocations
 12306 | Lair:1   | Killed a boulder beetle
 12433 | Lair:1   | Reached skill level 10 in Fighting
 12712 | Lair:1   | Identified the +11 falchion "Harhill" {freeze, Drain rElec
                  | rF+ Str+6} (Okawaru gifted it to you on level 1 of the Lair
                  | of Beasts)
 12712 | Lair:1   | Received a gift from Okawaru
 13007 | Lair:2   | Reached XP level 12. HP: 100/106 MP: 12/12
 13124 | Lair:2   | Found a staircase to the Swamp.
 13177 | Lair:2   | Noticed a six-headed hydra
 13190 | Lair:2   | Killed a one-headed hydra
 13191 | Lair:2   | Reached skill level 10 in Shields
 14310 | Lair:3   | Found a staircase to the Snake Pit.
 14371 | Lair:3   | Noticed a five-headed hydra
 14382 | Lair:3   | Killed a one-headed hydra
 14382 | Lair:3   | Identified the +0 troll leather armour "Vasyf" {rElec
                  | Regen+ Str+3 Stlth+} (Okawaru gifted it to you on level 3
                  | of the Lair of Beasts)
 14382 | Lair:3   | Received a gift from Okawaru
 15518 | D:11     | Reached skill level 15 in Long Blades
 15523 | D:11     | Noticed Psyche
 15615 | D:11     | Noticed a two-headed ogre
 15618 | D:11     | Killed Psyche
 15625 | D:11     | Killed a two-headed ogre
 15768 | D:11     | Noticed a two-headed ogre
 15776 | D:11     | Killed a two-headed ogre
 15782 | D:11     | Noticed a two-headed ogre
 15787 | D:11     | Killed a two-headed ogre
 15788 | D:11     | Reached XP level 13. HP: 118/118 MP: 13/13
 16298 | Orc:1    | Entered Level 1 of the Orcish Mines
 16298 | Orc:1    | Noticed Fannar
 16298 | Orc:1    | Noticed Jorgrun
 16298 | Orc:1    | You fall into a shaft and drop 1 floor!
 16298 | Orc:2    | Entered Level 2 of the Orcish Mines
 16327 | Orc:2    | Found a dark tunnel.
 16351 | Volcano  | Entered a volcano
 16599 | Volcano  | Found a bloodstained altar of Trog.
 16656 | Volcano  | Received a gift from Okawaru
 16723 | Volcano  | Noticed a red draconian
 16736 | Volcano  | Killed a red draconian
 17138 | Orc:1    | HP: 1/119 [Jorgrun/Lee's Rapid Deconstruction (12)]
 17144 | Orc:1    | HP: 1/119 [orc priest/divine providence (6)]
 17254 | D:9      | Killed Fannar
 17552 | Orc:1    | Killed Jorgrun
 17558 | Orc:1    | Noticed an orc warlord
 17631 | D:9      | Killed an orc warlord
 17631 | D:9      | Received a gift from Okawaru
 17667 | Orc:1    | Paralysed by an orc sorcerer for 5 turns
 17857 | Orc:1    | Reached skill level 15 in Armour
 18614 | Orc:2    | Received a gift from Okawaru
 18710 | Orc:2    | Found a staircase to the Elven Halls.
 18809 | Orc:2    | Found Juduceh's Weapon Boutique.
 19151 | Orc:2    | Found Bays Jog's Jewellery Emporium.
 19151 | Orc:2    | Found Ebrerot's Jewellery Boutique.
 19153 | Orc:2    | Found Gauph's Armour Shop.
 19155 | Orc:2    | Found Tioleled's General Store.
 19160 | Orc:2    | Bought a scroll of magic mapping for 105 gold pieces
 19169 | Orc:2    | Bought the ring "Xayris" {Fly rPois Str+6} for 591 gold
                  | pieces
 19204 | Orc:2    | Bought the ring of the Durable God {rF+ rN+ Will+ rCorr}
                  | for 568 gold pieces
 19693 | D:10     | Found a snail-covered altar of Cheibriados.
 19867 | D:12     | Reached XP level 14. HP: 110/129 MP: 15/15
 20355 | D:12     | Found a hide-covered altar of Uskayaw.
 21794 | Lair:4   | Identified the +5 pair of gloves of the Ditch-Digger
                  | {Int+7} (Okawaru gifted it to you on level 4 of the Lair of
                  | Beasts)
 21794 | Lair:4   | Received a gift from Okawaru
 22036 | Lair:5   | Entered Level 5 of the Lair of Beasts
 22227 | Lair:5   | Found a viscous altar of Jiyva.
 22238 | Lair:5   | Found a staircase to the Slime Pits.
 22393 | Lair:5   | Noticed Snorg
 22399 | Lair:5   | Reached skill level 15 in Fighting
 22407 | Lair:5   | Killed Snorg
 22948 | Lair:5   | Found a runed translucent door.
 23490 | Lair:5   | Received a gift from Okawaru
 23910 | D:13     | Found Finuot's Antique Armour Boutique.
 23921 | D:13     | Bought a jewelled chain mail for 285 gold pieces
 23921 | D:13     | Identified the +4 chain mail "Zecataiw" {+Blink rF+} (You
                  | bought it in a shop on level 13 of the Dungeon)
 23942 | D:13     | Noticed Rupert
 23962 | D:13     | Killed Rupert
 23963 | D:13     | Reached XP level 15. HP: 101/141 MP: 14/16
 24120 | D:13     | Found a gate to the Vaults.
 24298 | D:13     | Found Vosael's Magic Scroll Emporium.
 24303 | D:13     | Bought a scroll of acquirement for 832 gold pieces
 24303 | D:13     | Bought a scroll of identify for 32 gold pieces
 25277 | D:7      | Killed asdu's ghost
 25468 | D:14     | Identified the +4 mace "Ytoterr" {freeze, rElec Str+3
                  | Dex+3}
 25646 | D:14     | Noticed Kirke
 25659 | D:14     | Killed Kirke
 25989 | D:14     | Identified the +3 plate armour "Orompum" {Dex+3} (Okawaru
                  | gifted it to you on level 14 of the Dungeon)
 25989 | D:14     | Received a gift from Okawaru
 26462 | D:15     | Entered Level 15 of the Dungeon
 26797 | D:15     | Noticed Josephine
 26807 | D:15     | Killed Josephine
 26910 | D:15     | Reached skill level 15 in Shields
 27271 | D:15     | Found a staircase to the Depths.
 28005 | Elf:1    | Entered Level 1 of the Elven Halls
 28022 | Elf:1    | Found Ushrishia's Book Shop.
 28077 | Elf:1    | Found a frozen archway.
 28126 | IceCv    | Entered an ice cave
 28139 | IceCv    | Reached XP level 16. HP: 36/155 MP: 14/17
 28348 | IceCv    | Found a transporter.
 28361 | IceCv    | Identified the +2 ice dragon scales "Baahen" {rF- rC++ rN+
                  | Dex+2}
 28379 | IceCv    | Found a transporter.
 28388 | IceCv    | Acquired 856 gold pieces
 28452 | IceCv    | Acquired the ring "Xesitato" {rElec rC+ rCorr}
 28729 | Elf:1    | Found a transporter.
 28827 | Elf:1    | Received a gift from Okawaru
 28886 | Elf:1    | Got the Vellum of the Autopsy
 29253 | Elf:1    | Found a transporter.
 29332 | Elf:1    | Identified the ring of Psychosis {MP+9 SInv}
 29410 | Elf:1    | Identified the ring "Mofraog" {rC+ Will+ SInv}
 29420 | Elf:1    | Reached skill level 5 in Dodging
 29420 | Elf:1    | Reached XP level 17. HP: 163/163 MP: 17/19
 29725 | Elf:2    | Found a crumbling gateway.
 29794 | Desolati | Entered the Desolation of Salt
 29803 | Desolati | Identified the +5 scale mail of Happy Babbling {Stlth+}
                  | (Okawaru gifted it to you in the Desolation of Salt)
 29803 | Desolati | Received a gift from Okawaru
 30147 | Desolati | Identified the +5 scimitar of Impermanence {freeze, *Rage
                  | rCorr Str+4 Stlth+}
 30806 | Desolati | Identified the ring "Lurie" {Ice Will+ Str-5 Dex+8}
 31185 | Desolati | Reached XP level 18. HP: 136/174 MP: 18/20
 31355 | Desolati | Identified the +1 scale mail of Negation {rC+}
 31408 | Desolati | Identified the +4 morningstar "Hadul" {venom, Int+4}
 31445 | Desolati | Got the Almanac of the Searing Voyage
 31528 | Desolati | Identified the +4 rapier "Beetle's Foe" {flame, rF- rCorr
                  | Int+7 SInv}
 31611 | Desolati | Identified the +0 crystal plate armour "Kile Xevergh"
                  | {Regen+ Str-3 Int+6 Stlth+}
 31916 | Elf:2    | Found Lass's Book Boutique.
 31916 | Elf:2    | Found Bousk's Distillery.
 31918 | Elf:2    | Found Qudweig's Antique Armour Boutique.
 31919 | Elf:2    | Found Buaf's Distillery.
 31994 | Elf:2    | Found a runed translucent gate.
 31994 | Elf:2    | Found a runed translucent gate.
 31999 | Elf:2    | Found a runed translucent gate.
 32026 | Elf:2    | Identified the +3 buckler "Emonawk" {+Inv Dex+6} (Okawaru
                  | gifted it to you on level 2 of the Elven Halls)
 32026 | Elf:2    | Received a gift from Okawaru
 32815 | Lair:4   | Acquired a +0 double sword of draining
 33037 | Elf:3    | Entered Level 3 of the Elven Halls
 33352 | Elf:3    | HP: 7/162 [deep elf master archer/arrow (9)]
 33650 | Elf:2    | Found a radiant altar of Vehumet.
 33825 | Elf:3    | Noticed a Brimstone Fiend
 33900 | Elf:3    | Found a radiant altar of Vehumet.
 34073 | Elf:3    | Found Mofeyhos's Tremendous Tomes.
 34268 | Elf:3    | Noticed a Tzitzimitl
 34520 | Elf:3    | Reached skill level 5 in Invocations
 34582 | Elf:3    | Identified the +5 battleaxe of Zautumoo {freeze, *Corrode
                  | rF+++ Dex-2 SInv}
 34807 | Elf:3    | Got the Atlas of Congregated Sparks
 34813 | Elf:3    | Identified the staff of poison "Leomewn" {rPois Will+ rCorr
                  | Dex-2 SInv}
 34814 | Elf:3    | Identified the +0 ring mail of Focus {Int+4 Dex-4}
 34834 | Elf:3    | Found the dreamshard necklace {*Dream Drain}
 34838 | Elf:3    | Identified the +1 scimitar of Harmony {flame, Will+}
 34856 | Elf:3    | Identified the +3 sling of the Egg {speed, rC+ Str+2
                  | Stlth-}
 34859 | Elf:3    | Got the Dissertation on the Tesseract and Filth
 34993 | Elf:3    | Identified the ring of the Everdark {rF+ Int+6}
 35415 | Snake:1  | Entered Level 1 of the Snake Pit
 35472 | Snake:1  | Received a gift from Okawaru
 35722 | Snake:1  | Noticed Asterion
 35771 | Snake:1  | Killed Asterion
 36459 | Snake:1  | Found Tuatos's Book Emporium.
 36461 | Snake:1  | Found Vatuluk's Jewellery Shop.
 36462 | Snake:1  | Found Plog's Book Emporium.
 36470 | Snake:1  | Bought the amulet of Qestry {Reflect rN+ SH+5} for 659 gold
                  | pieces
 37154 | Snake:2  | Received a gift from Okawaru
 37232 | Snake:2  | Found Gynnarch's Weapon Boutique.
 37236 | Snake:2  | Found Dialul's Book Shop.
 37237 | Snake:2  | Found Pikleut's Antique Armour Boutique.
 37244 | Snake:2  | Bought a masterwork chain mail for 228 gold pieces
 37244 | Snake:2  | Identified the +5 chain mail "Ytidazu" {rElec rPois Dex+2}
                  | (You bought it in a shop on level 2 of the Snake Pit)
 37726 | Snake:2  | Reached XP level 19. HP: 185/187 MP: 21/21
 38351 | Swamp:1  | Entered Level 1 of the Swamp
 38462 | Swamp:1  | Found a transporter.
 38493 | Swamp:1  | Found a transporter.
 39285 | Swamp:1  | Identified the +2 pair of gloves of Doru {rF++ Slay+3}
 39285 | Swamp:1  | Gained mutation: You occasionally lose the ability to read
                  | scrolls when taking damage. [mutagenic glow]
 39288 | Swamp:1  | Identified the ring "Werimaz" {rCorr Stlth+}
 39303 | Swamp:1  | Gained mutation: You occasionally lose the ability to drink
                  | potions when taking damage. [mutagenic glow]
 39315 | Lair:2   | Gained mutation: Potions are less effective at restoring
                  | your health. [mutagenic glow]
 39398 | Lair:4   | Lost mutation: You occasionally lose the ability to read
                  | scrolls when taking damage. [potion of mutation]
 39398 | Lair:4   | Lost mutation: Potions are less effective at restoring your
                  | health. [potion of mutation]
 39398 | Lair:4   | Lost mutation: You occasionally lose the ability to drink
                  | potions when taking damage. [potion of mutation]
 39398 | Lair:4   | Gained mutation: Your body sometimes deteriorates upon
                  | taking damage. [potion of mutation]
 39402 | Lair:4   | Lost mutation: Your body sometimes deteriorates upon taking
                  | damage. [potion of mutation]
 39402 | Lair:4   | Gained mutation: Your spells are a little harder to cast,
                  | but a little more powerful. [potion of mutation]
 39402 | Lair:4   | Gained mutation: Your flesh is cold resistant. (rC+)
                  | [potion of mutation]
 39402 | Lair:4   | Gained mutation: You are partially covered in iridescent
                  | scales. (AC +2) [potion of mutation]
 39705 | Snake:3  | Identified the +1 lajatang of Zougeit {freeze, rPois Int+3}
 40128 | Snake:3  | Received a gift from Okawaru
 40406 | Snake:3  | Identified the +8 plate armour of Ecsoh {Int+4}
 40950 | Snake:3  | Got the Folio of the Shocking Stinger
 41164 | Snake:4  | Entered Level 4 of the Snake Pit
 41253 | Snake:4  | Reached XP level 20. HP: 179/198 MP: 22/22
 41682 | Snake:4  | Found Sodwecoa's Book Shop.
 42478 | Snake:4  | Identified the +0 crystal plate armour of Okawaru,
                  | Hungering {Contam rN+++ Will+ Dex+3} (Okawaru gifted it to
                  | you on level 4 of the Snake Pit)
 42478 | Snake:4  | Received a gift from Okawaru
 42644 | Snake:4  | Paralysed by a Zot trap for 5 turns
 42776 | Snake:4  | Got a serpentine rune of Zot
 43238 | Swamp:2  | Paralysed by a fenstrider witch for 5 turns
 43302 | Swamp:2  | Reached XP level 21. HP: 78/182 MP: 23/23
 44724 | Swamp:3  | Identified the +7 plate armour of Recklessness {Stlth+}
                  | (Okawaru gifted it to you on level 3 of the Swamp)
 44724 | Swamp:3  | Received a gift from Okawaru
 44741 | Swamp:3  | Identified the +2 mace of Beogh, Building {vamp, rCorr
                  | Dex+2 Stlth+}
 45016 | Swamp:4  | Entered Level 4 of the Swamp
 45580 | Swamp:4  | Noticed Bai Suzhen
 45602 | Swamp:3  | Killed Bai Suzhen
 45941 | Swamp:4  | Got a decaying rune of Zot
 46032 | Swamp:4  | Noticed Donald
 46059 | Swamp:4  | Killed Donald
 47037 | Vaults:1 | Entered Level 1 of the Vaults
 47384 | Vaults:1 | Noticed Zenata
 47403 | Vaults:1 | Killed Zenata
 48693 | Vaults:2 | Found Roarpholu's Armour Shop.
 49116 | Abyss:3  | Cast into level 3 of the Abyss (a wizard)
 49285 | Abyss:3  | Paralysed by accursed screaming for 1 turns
 49358 | Abyss:3  | Identified the +9 long sword of Harmony {heavy, Str+3}
                  | (Okawaru gifted it to you on level 3 of the Abyss)
 49358 | Abyss:3  | Received a gift from Okawaru
 49457 | Vaults:2 | Escaped the Abyss
 49789 | Vaults:2 | Reached XP level 22. HP: 215/217 MP: 24/24
 50110 | Vaults:2 | Found a staircase to the Crypt.
 50121 | Vaults:2 | Received a gift from Okawaru
 50750 | Vaults:3 | Received a gift from Okawaru
 51116 | Vaults:3 | Paralysed by a sphinx for 4 turns
 51839 | Abyss:3  | Cast into level 3 of the Abyss (a wizard)
 52094 | Abyss:3  | Paralysed by accursed screaming for 1 turns
 52205 | Vaults:3 | Escaped the Abyss
 53524 | Vaults:4 | Received a gift from Okawaru
 53763 | Vaults:4 | Paralysed by a sphinx for 4 turns
 54087 | Vaults:4 | Reached XP level 23. HP: 201/227 MP: 25/25
 54470 | Vaults:4 | Found Vihoach's Armour Shoppe.
 54764 | Vaults:4 | Identified the +12 plate armour of the Jackalope {rC+++
                  | Str+2 Dex-2 Stlth+}
 54847 | Vaults:5 | Entered Level 5 of the Vaults
 54956 | Vaults:4 | Received a gift from Okawaru
 56164 | Vaults:5 | Identified the ring "Apsial" {Fly rN+ Str-3 Int+6 SInv}
 57518 | Vaults:5 | Identified the amulet "Fearph" {rN+ Will+ Regen+}
 57532 | Vaults:5 | Identified the +1 pair of gloves of Sin {Harm Int+6 Stlth-}
                  | (Okawaru gifted it to you on level 5 of the Vaults)
 57532 | Vaults:5 | Received a gift from Okawaru
 57956 | Vaults:5 | Noticed an ancient lich
 57970 | Vaults:5 | Killed an ancient lich
 58177 | Vaults:5 | Got a silver rune of Zot
 58259 | Vaults:5 | Identified the +9 halberd "Fapniy Loxe" {speed, rElec
                  | Dex+3}
 58351 | Vaults:5 | Got the Tractate on the Fateful Inferno
 58569 | Vaults:5 | Noticed an ancient lich
 58601 | Vaults:5 | Killed an ancient lich
 58602 | Vaults:5 | Reached XP level 24. HP: 163/228 MP: 26/26
 60076 | Crypt:1  | Entered Level 1 of the Crypt
 60504 | Crypt:1  | Found a runed translucent gate.
 60505 | Crypt:1  | Found a runed translucent gate.
 60505 | Crypt:1  | Found a runed translucent gate.
 60638 | Crypt:1  | Reached skill level 27 in Shields
 60903 | Crypt:1  | Found a basalt altar of Yredelemnul.
 61065 | Crypt:1  | Noticed Houmnergh's ghost (master GnTm)
 61069 | Crypt:1  | Identified the +0 leather armour of Classification {Fly
                  | Will- Str+7 Int+2}
 61183 | Crypt:1  | Found an iron altar of Okawaru.
 61269 | Crypt:1  | Killed Houmnergh's ghost
 61623 | Crypt:2  | Received a gift from Okawaru
 62186 | Crypt:3  | Entered Level 3 of the Crypt
 62743 | Crypt:3  | Found a huge runed gate.
 62743 | Crypt:3  | Found a huge runed gate.
 62743 | Crypt:3  | Found a huge runed gate.
 62744 | Crypt:3  | Found a huge runed gate.
 62835 | Crypt:3  | Found a staircase to the Tomb.
 63183 | Crypt:3  | Noticed a dread lich
 63183 | Crypt:3  | Noticed an ancient lich
 63338 | Crypt:3  | Found a huge runed gate.
 63338 | Crypt:3  | Found a huge runed gate.
 63339 | Crypt:3  | Found a huge runed gate.
 63339 | Crypt:3  | Found a huge runed gate.
 63339 | Crypt:3  | Found a huge runed gate.
 63340 | Crypt:3  | Found a huge runed gate.
 63500 | Crypt:3  | Found a huge runed gate.
 63500 | Crypt:3  | Found a huge runed gate.
 63500 | Crypt:3  | Found a huge runed gate.
 63507 | Crypt:3  | Found the +3 pair of mountain boots {steadfast, rC+}
 63507 | Crypt:3  | Noticed an ancient lich
 63744 | Crypt:2  | Killed an ancient lich
 63744 | Crypt:2  | Identified the +1 great sword "Killer Bee's Curse" {heavy,
                  | Contam MP-9 Int+9 Stlth+} (Okawaru gifted it to you on
                  | level 2 of the Crypt)
 63744 | Crypt:2  | Received a gift from Okawaru
 64634 | Crypt:3  | Killed an ancient lich
 64645 | Crypt:3  | Killed a dread lich
 64652 | Crypt:3  | Got the Reference Book on Exhumation
 64656 | Crypt:3  | Identified the +2 leather armour of the Stonemason {*Slow
                  | rN++ Regen+ rCorr}
 64678 | Crypt:3  | Identified the staff of death "Suufuono" {rElec rN+ Will+++
                  | Int-3}
 65698 | Depths:1 | Entered Level 1 of the Depths
 65719 | Depths:1 | Found a corrupted altar of Lugonu.
 65720 | Depths:1 | Found a one-way gate to the infinite horrors of the Abyss.
 65729 | Depths:1 | Identified the +2 chain mail "Siownoa" {Rampage rPois rN+
                  | Stlth+}
 65794 | Depths:1 | Reached XP level 25. HP: 139/226 MP: 26/26
 65976 | Depths:1 | Identified the +10 trident of the Original Sin {speed,
                  | *Rage rElec rPois rC++}
 65976 | Depths:1 | Identified the +1 leather armour of the Moon {rF++ Int+4}
 66156 | Depths:1 | Found a gateway to Hell.
 66160 | Depths:1 | Identified the +10 long sword "Plog" {speed, rN+} (Okawaru
                  | gifted it to you on level 1 of the Depths)
 66160 | Depths:1 | Received a gift from Okawaru
 66179 | Depths:1 | Identified the staff of death "Ducoobifet" {rElec rN+
                  | Int+5}
 66307 | Depths:1 | Reached skill level 5 in Stealth
 66796 | Depths:2 | Noticed the Enchantress
 66847 | Depths:2 | Killed the Enchantress
 67101 | Depths:2 | Reached skill level 27 in Fighting
 67264 | Depths:2 | Found a one-way gate leading to the halls of Pandemonium.
 67484 | Depths:2 | Received a gift from Okawaru
 67489 | Depths:2 | Identified the +9 falchion of Gin and Tonic {flame, Will+}
 67502 | Depths:2 | Paralysed by a floating eye for 4 turns
 67520 | Depths:2 | Paralysed by a floating eye for 2 turns
 67526 | Depths:2 | Paralysed by a floating eye for 3 turns
 67824 | Depths:2 | Paralysed by a floating eye for 4 turns
 67838 | Depths:2 | Paralysed by a floating eye for 3 turns
 68732 | Depths:3 | Identified the +4 falchion "Ethribupt" {drain, Dex+2}
                  | (Okawaru gifted it to you on level 3 of the Depths)
 68732 | Depths:3 | Received a gift from Okawaru
 69620 | Depths:3 | Reached skill level 27 in Long Blades
 69627 | Depths:3 | Reached XP level 26. HP: 202/266 MP: 26/26
 70036 | Depths:4 | Entered Level 4 of the Depths
 70037 | Depths:4 | Identified the +7 chain mail of Jigsaw {rF- Str+3 Stlth+}
 70065 | Depths:4 | Found a one-way gateway to a ziggurat.
 70403 | Depths:3 | Reached skill level 10 in Dodging
 70487 | Depths:3 | Received a gift from Okawaru
 70884 | Depths:4 | Found a white marble altar of Elyvilon.
 71328 | Depths:4 | Found a gate to the Realm of Zot.
 72771 | Hell     | Entered the Vestibule of Hell
 72771 | Hell     | Noticed Geryon
 72783 | Hell     | Killed Geryon
 73023 | Hell     | Found a gateway to the ashen valley of Gehenna.
 73146 | Hell     | Found a gateway to the Iron City of Dis.
 73217 | Hell     | Found a gateway to the freezing wastes of Cocytus.
 73300 | Hell     | Found a gateway to the decaying netherworld of Tartarus.
 73329 | Hell     | Acquired 457 gold pieces
 73863 | Zot:1    | Entered Level 1 of the Realm of Zot
 73899 | Zot:1    | Noticed a dread lich
 74061 | Zot:1    | Killed a dread lich
 74094 | Zot:1    | a Killer Klown changed into a juggernaut
 74094 | Zot:1    | Noticed a juggernaut
 74097 | Zot:1    | Reached skill level 10 in Stealth
 74108 | Zot:1    | Killed a juggernaut
 74108 | Zot:1    | Identified the +4 scimitar of Valoguant {heavy, rElec Int+2
                  | Dex+3} (Okawaru gifted it to you on level 1 of the Realm of
                  | Zot)
 74108 | Zot:1    | Received a gift from Okawaru
 74304 | Zot:1    | Reached skill level 1 in Unarmed Combat
 74315 | Zot:1    | Reached skill level 27 in Armour
 74620 | Zot:1    | Found a runed translucent gate.
 74620 | Zot:1    | Found a runed translucent gate.
 74620 | Zot:1    | Found a runed translucent gate.
 74620 | Zot:1    | Noticed stpyramids's ghost (legendary DDFi)
 74620 | Zot:1    | Noticed an ancient lich
 74622 | Zot:1    | Noticed an ancient lich
 75031 | Zot:1    | Found the +16 obsidian axe {drain, demonic, Mesm Drain Fly
                  | SInv}
 75263 | Zot:1    | Killed stpyramids's ghost
 75273 | Zot:1    | Killed an ancient lich
 75279 | Zot:1    | Killed an ancient lich
 75280 | Zot:1    | Reached XP level 27. HP: 178/273 MP: 6/26
 75367 | Zot:1    | Identified the amulet of Mirth {*Slow rF+ rC+ Regen+ rCorr}
 75376 | Zot:1    | Identified the +0 pair of gloves of Objectivity {rC++}
 75391 | Zot:1    | Reached skill level 5 in Unarmed Combat
 75902 | Slime:1  | Entered Level 1 of the Pits of Slime
 76072 | Slime:5  | Entered Level 5 of the Pits of Slime
 76117 | Slime:4  | Gained mutation: Armour fits poorly on your strangely
                  | shaped body. [a shining eye]
 76119 | Slime:4  | Gained mutation: You occasionally shout uncontrollably at
                  | your foes. [a shining eye]
 76121 | Slime:4  | Gained mutation: You possess an exceptional clarity of
                  | mind. [a shining eye]
 76123 | Slime:4  | Gained mutation: You occasionally lose the ability to drink
                  | potions when taking damage. [a shining eye]
 76255 | Slime:4  | Received a gift from Okawaru
 76376 | Slime:5  | Gained mutation: You frequently scream uncontrollably at
                  | your foes. [a shining eye]
 76449 | Slime:5  | Noticed the Royal Jelly
 76458 | Slime:5  | Killed the Royal Jelly
 76458 | Slime:5  | Received a gift from Okawaru
 77005 | Slime:5  | Identified the staff of poison "Zetroipp" {rElec rPois rN++
                  | Will- Stlth+}
 77027 | Slime:5  | Identified the +9 mace of the Loving Ancients {flame,
                  | rPois}
 77041 | Slime:5  | Identified the +0 plate armour of Chimes {rC++}
 77072 | Slime:5  | Got a slimy rune of Zot
 77083 | Slime:5  | Identified the staff of poison "Ahus" {Contam rPois rC+
                  | Stlth+}
 77126 | Slime:5  | Identified the staff of air "Doto" {rElec Dex+2}
 77145 | Slime:5  | Gained mutation: You sometimes lose the ability to drink
                  | potions when taking damage. [a shining eye]
 77179 | Slime:5  | Demolished by a titanic slime creature

Illustrated notes

Levels and vault maps discovered:
D:1:      saegor_arrival_under_anarchy, layout_basic, minmay_unequal
D:2:      layout_loops_corners, dreamdust_ecumenical_altar_grove
D:3:      layout_basic, nemelex_dance_club_becter, mainiacjoe_overflow_alcove_4,
          serial_shops, shop, minmay_increasing_density
D:4:      layout_loops_ring, mainiacjoe_overflow_six_doors_small,
          mainiacjoe_overflow_big_doors, uniq_grinder
D:5:      layout_rooms, lemuel_tele_altar, fedhas_altar_4, temple_pool_b,
          gup_sewer_entry_bowl, serial_shops, nicolae_take_the_stairs,
          nicolae_goblin_pals
D:6:      dreamdust_elfheim, layout_cave_pools, old_standard_altar,
          nicolae_shop_distant_corner_stores, uniq_maggie
D:7:      minmay_general_purpose_star, layout_basic,
          nicolae_overflow_crystal_walls, grunt_dithmenos_shadows,
          gammafunk_ghost_berserking_beasts
D:8:      layout_rooms, erik_lair_island, enter_bailey_5,
          kennysheep_generic_room_4
D:9:      layout_basic, mainiacjoe_overflow_chevrons, david_orc_5
D:10:     layout_basic, mainiacjoe_overflow_brackets, serial_shops, shop
D:11:     layout_loops_ring, hangedman_misty_isle, uniq_psyche
D:12:     layout_loops_ring, nicolae_uskayaw_murder_on_the_dancefloor
D:13:     lemuel_ice_spiral_2, layout_basic, david_vaults_5, serial_shops,
          nicolae_shop_just_a_little_nook, shop, uniq_rupert
D:14:     layout_gridville, uniq_kirke
D:15:     grunt_enter_depths_giant_problem, layout_loops_ring,
          roderic_serpentine_path, lemuel_old_faithful, uniq_josephine
Temple:   cyrus_temple_forest
Lair:1:   layout_cave_pods, st_stairs_3
Lair:2:   layout_regular_city, minmay_swamp_entry_wisps, serial_bayou_ford_a,
          bobbens_dragon_lair_wall
Lair:3:   layout_cellular_growth, guppyfry_snake_entry_garden
Lair:4:   layout_long_grid, minmay_holes, nicolae_lair_lakeside_cave,
          grunt_megastairs_1
Lair:5:   wormcave, layout_small_grid, nicolae_slime_entry_field_trip,
          uniq_snorg
Swamp:1:  gammafunk_worm_tunnel, layout_basic_swamp,
          nicolae_swamp_round_clearing, infiniplex_staircase_pool
Swamp:2:  layout_falls_marsh, evilmike_swamp_ruin_rubble_1
Swamp:3:  layout_basic_swamp, evilmike_swamp_ruin_house_5
Swamp:4:  swamp, layout_basic_swamp, infiniplex_staircase_pool_2,
          uniq_bai_suzhen, uniq_donald
Snake:1:  cheibrodos_forgotten_conduit, layout_layer_cave, minmay_shop_grove,
          uniq_asterion
Snake:2:  layout_gridlike, serial_curves, eino_curves_03, eino_curves_04,
          serial_bayou_shore_a, minmay_shop_star
Snake:3:  layout_layer_cave, nicolae_snake_salamander_zone, lemuel_fruit_tree
Snake:4:  snake_pit_salamanders_mu, layout_misc_corridors, serial_shops,
          nicolae_book_shop_shelving, guppyfry_library_mini
Slime:1:  layout_caves, cheibrodos_slime_lost_civilization_7
Slime:2:  cheibrodos_slime_lost_civilization_1, layout_caves
Slime:3:  layout_caves
Slime:4:  layout_caves, cheibrodos_slime_lost_civilization_5
Slime:5
Orc:1:    layout_caves, uniq_fannar, uniq_jorgrun
Orc:2:    st_orc_rangers, layout_caves, serial_shops, shop,
          nicolae_volcano_entry_lava_flow
Elf:1:    gammafunk_its_a_trap, layout_geoelf_grid, serial_shops,
          nicolae_book_shop_shelving, portal_ice_cave_entry_dragon,
          minmay_elf_necromancy
Elf:2:    nicolae_elf_blades_splatter_lattice [nicolae_blade_lattice],
          layout_loops_corners, portal_desolation_entry_ruin,
          lemuel_upstairs_altar, minmay_shoptagon
Elf:3:    minmay_elf_hall, layout_onion_city, basic_altar,
          nicolae_shop_i_like_big_books, minivault_24
Vaults:1: nicolae_vaults_mini_display_case, nicolae_vaults_network_barrier,
          nicolae_vaults_tetromino_Z_1, nicolae_vaults_door_testing_chamber,
          nicolae_vaults_heart-shaped_vault, nicolae_vaults_three_branches,
          nicolae_vaults_little_squares_1, ontoclasm_vaults_decontamination,
          ontoclasm_vaults_ring_small, layout_vaults_big_room, uniq_zenata
Vaults:2: nicolae_vaults_swerve, st_diamondy, nicolae_vaults_border_crossing,
          minmay_crypt_entry_simple_statues, nicolae_vaults_sealed_display,
          nicolae_vaults_sesquioval_fish, ontoclasm_vaults_pinch,
          nicolae_vaults_specimen_jars, nicolae_vaults_little_squares_2,
          layout_vaults_omnigrid, serial_shops, nicolae_shop_window_shopping
Vaults:3: grunt_vaults_focal, nicolae_vaults_trapezoid_2, v_misc_17,
          vaults_room_grid, v_rooms_3, ontoclasm_vaults_hangar,
          nicolae_vaults_antechamber_and_loot_room, v_misc_33,
          vaults_room_hallway, v_misc_12, hangedman_vaults_corner,
          nicolae_vaults_variable_pillar_hall, nicolae_vaults_sightless_eye,
          nicolae_vaults_stepped_doors, layout_vaults_omnibox
Vaults:4: nicolae_vaults_house_2, nicolae_vaults_what_the_h, v_misc_32,
          nicolae_vaults_loss_of_containment, ontoclasm_vaults_spin,
          vaults_dpeg_spiral, serial_ice_m,
          nicolae_vaults_taking_the_gang_shopping, nicolae_vaults_alarming,
          nicolae_vaults_network_periphery, ontoclasm_vaults_idyll,
          nicolae_vaults_trapezoid_1, layout_vaults_maze_bifur
Vaults:5
Crypt:1:  layout_chaotic_city, gammafunk_ghost_fury_of_okawaru,
          nicolae_nh_vlads_tower, grunt_megastairs_3, uniq_margery
Crypt:2:  nicolae_crypt_knochenhaus, layout_gridlike
Crypt:3:  david_glass_crypt, layout_misc_corridors, door_vault,
          grunt_megastairs_4
Depths:1: layout_cave_pools, lightli_too_deep, abyss_entry_flame_altar,
          drop_trap, minmay_the_grid_square_5x5_3x3_mashed
          [minmay_the_grid_square_5x5_misaligned,
          minmay_the_grid_square_5x5_hollow_slash,
          minmay_the_grid_square_5x5_minivault,
          minmay_the_grid_square_5x5_almost_minimal,
          minmay_the_grid_square_5x5_megaprize_hollow,
          minmay_the_grid_square_5x5_half_checkered,
          minmay_the_grid_square_5x5_inner_v,
          minmay_the_grid_square_5x5_trominoes,
          minmay_the_grid_square_5x5_dogpile]
Depths:2: four-leaf_vault, layout_basic, hell_entry, pan_entry,
          hex_intersection, serial_bayou_pond_d, hellmonk_scarab_ruin,
          infiniplex_staircase_zigzag_3, uniq_enchantress
Depths:3: hangedman_cross_veins, layout_cave_shapes, rand_demon_pan_entry_5,
          kennysheep_crisscross, hellmouth_1, abyss_entry,
          minmay_variable_closet, minmay_staircase_bubble
Depths:4: grunt_zot_entry_hairpin, layout_cave_pools, enter_ziggurat_b,
          pf_dread_powers_of_hell, elyvilon_altar_5, rand_demon_pan_entry_4,
          grunt_ministairs_15, st_stairs_4, serial_bayou_shore_b
Hell
Zot:1:    ebering_klown_carousel, layout_cathedral_of_symmetry,
          gammafunk_ghost_necromancy

Skill      XL: |  1  2  3  4  5  6  7  8  9 10 11 12 13 14 15 16 17 18 19 20 21 22 23 24 25 26 27 |
---------------+----------------------------------------------------------------------------------+-----
Armour         | 4 5 6 8 9 10 12 14 15 16 18 19 20 21 22 23 24 25 27 | 27.0
Fighting       | 4 5 7 8 10 12 13 15 17 18 20 21 22 23 24 26 27 | 27.0
Shields        | 4 5 6 7 8 9 10 12 14 15 16 17 18 19 21 23 25 26 27 | 27.0
Long Blades    | 3 4 5 6 7 8 10 13 14 15 16 17 18 19 20 21 22 23 24 27 | 27.0
Dodging        | 1 2 3 4 5 6 7 8 9 11 | 11.9
Stealth        | 2 3 4 6 11 12 | 12.5
Evocations     | 1 2 |  2.7
Invocations    | 1 2 3 4 5 6 |  6.4
Unarmed Combat | 4 7 |  7.1

Action                     |  1- 3 |  4- 6 |  7- 9 | 10-12 | 13-15 | 16-18 | 19-21 | 22-24 | 25-27 || total
---------------------------+-------+-------+-------+-------+-------+-------+-------+-------+-------++-------
  Melee: Long sword        |    80 |   154 |   386 |   451 |       |       |   479 |       |    47 ||  1597
         Headbutt          |    11 |    29 |    70 |   156 |   405 |   370 |   547 |  1102 |   545 ||  3235
         Falchion          |       |       |       |   219 |  1581 |  1260 |  1122 |  2750 |       ||  6932
         Double sword      |       |       |       |       |       |       |       |    36 |  1445 ||  1481
         Unarmed           |       |       |       |       |       |       |       |       |    18 ||    18
 Invoke: Heroism           |       |       |     2 |    15 |    19 |    18 |     6 |    19 |     5 ||    84
  Evoke: Wand              |       |       |     3 |     4 |       |       |     5 |     8 |       ||    20
    Use: Scroll            |       |       |    17 |     6 |     9 |     8 |       |    17 |     6 ||    63
         Potion            |       |       |     4 |     6 |     2 |     8 |     3 |     7 |     4 ||    34
   Stab: Distracted        |       |       |       |       |       |     1 |     1 |     1 |    40 ||    43
         Confused          |       |       |       |       |       |       |     1 |       |       ||     1
         Sleeping          |       |       |       |       |       |       |       |       |     1 ||     1
 Armour: Scale mail        |    46 |    65 |     1 |       |       |       |       |       |       ||   112
         Chain mail        |       |       |   186 |       |       |    30 |   299 |       |       ||   515
         Swamp dragon scal |       |       |    36 |     4 |       |       |       |       |       ||    40
         Crystal plate arm |       |       |       |   415 |  1112 |   550 |       |       |       ||  2077
         Ice dragon scales |       |       |       |       |    16 |    53 |       |       |       ||    69
         Plate armour      |       |       |       |       |       |       |   499 |  1692 |   946 ||  3137
         Skin              |       |       |       |       |       |       |       |       |    14 ||    14
  Dodge: Dodged            |    31 |    88 |   213 |   246 |   573 |   378 |   715 |  1168 |   546 ||  3958
  Block: Buckler           |    14 |    36 |   151 |   189 |   563 |   470 |  1376 |  1282 |       ||  4081
         Reflection        |       |       |       |       |       |    20 |    98 |     4 |    23 ||   145
         Kite shield       |       |       |       |       |       |       |       |   745 |  1246 ||  1991
